[Event "ICCopen2017"]
[Site "Internet Chess Club"]
[Date "2017.03.26"]
[Round "5"]
[White "nurmi"]
[Black "charlestehace"]
[Result "1-0"]
[ICCResult "Black forfeits on time"]
[WhiteElo "2339"]
[BlackElo "2888"]
[Opening "English: Mikenas-Carls, Flohr variation"]
[ECO "A18"]
[NIC "EO.57"]
[Time "19:51:50"]
[TimeControl "180+0"]

1. c4 Nf6 2. Nc3 e6 3. e4 d5 4. e5 Nfd7 5. d4 c5 6. cxd5 exd5 7. f4 Nc6 8.
Nf3 cxd4 9. Nxd4 Bb4 10. Nc2 Ba5 11. Qxd5 O-O 12. Bd3 Bb6 13. Bc4 Qh4+ 14.
g3 Qh3 15. Be3 Bxe3 16. Nxe3 Nb6 17. Qe4 Nxc4 18. Qxc4 Bg4 19. Qe4 f5 20.
Qd5+ Kh8 21. Nxg4 fxg4 22. O-O-O Rfd8 23. Qe4 Rxd1+ 24. Nxd1 Rd8 25. Nf2 Qh5
26. f5 Qg5+ 27. Qf4 Qe7 28. Nxg4 Rd4 29. Qf3 Qg5+ 30. Ne3 Nxe5 31. Qe2 Re4
32. Re1 h6 33. Kb1 Ng4 34. Qb5 Rxe3 35. Rc1 Re7 36. Qc5 Kh7 37. Ka1 Rf7 38.
a3 Qxf5 39. Qc3 Qg6 40. h3 Nf6 41. g4 Rd7 42. Qc2 Qxc2 43. Rxc2 Re7 44. Ka2
Ne4 45. Rc3 g5 46. Rb3 Kg6 47. Rb4 Kf6 48. Rb5 Re5 49. Rxb7 Re7 50. Rb8 Rd7
51. Rf8+ Ke5 52. Rh8 Kf4 53. Rxh6 Kg3 54. Rg6 Kxh3 55. Rxg5 Nxg5 56. a4 Kxg4
57. Ka3 Rc7 58. b3 Kf5 59. a5 Ne6 60. Ka4 Rd7 61. b4 Ke5 62. Kb5 Kd6 63. Ka4
Rc7 64. a6 Rb7 65. Ka5 Kc7 66. Ka4 {Black forfeits on time} 1-0

[Event "ICCopen2017"]
[Site "Internet Chess Club"]
[Date "2017.03.26"]
[Round "5"]
[White "flashlight"]
[Black "MasterMind"]
[Result "1-0"]
[ICCResult "Black forfeits on time"]
[WhiteElo "2041"]
[BlackElo "1778"]
[Opening "Trompowsky attack (Ruth, Opocenský opening)"]
[ECO "A45"]
[NIC "QP.07"]
[Time "19:51:56"]
[TimeControl "180+0"]

1. d4 Nf6 2. Bg5 d5 3. e3 c5 4. c3 Qb6 5. Qb3 c4 6. Qc2 Nc6 7. Nd2 Bg4 8.
Ngf3 Bh5 9. b3 Bg6 10. Qb2 e6 11. Be2 Be7 12. O-O O-O 13. Qc1 cxb3 14. axb3
Rfe8 15. Nh4 Rac8 16. Nxg6 hxg6 17. c4 a6 18. c5 Qc7 19. h3 Ne4 20. Bxe7
Qxe7 21. Nxe4 dxe4 22. Qb2 Nb4 23. Rfd1 Red8 24. Ra4 Nd5 25. b4 f5 26. Qd2
Kf7 27. b5 axb5 28. Bxb5 g5 29. Ra7 Rc7 30. Rb1 f4 31. Bc4 fxe3 32. fxe3 Kg6
33. Bxd5 exd5 34. Rb6+ Kh7 35. Qe2 Rf8 36. Qh5+ Kg8 37. Rd6 Rd7 38. Rxd7
Qxd7 39. Qxg5 Qf7 40. Qg3 Qf1+ 41. Kh2 Rf7 42. Ra8+ Rf8 43. Rxf8+ Qxf8 44.
Qe5 Qf7 45. h4 g6 46. Kg3 Kh7 47. Kg4 Kg8 48. Kg5 Kh7 49. Qf6 Qg7 50. Qxg7+
Kxg7 51. g4 Kf7 52. h5 gxh5 53. gxh5 Kg7 54. Kf5 Kf7 55. Ke5 b5 56. Kxd5 b4
57. Kc4 b3 58. Kxb3 Ke6 59. Kc4 Kf5 60. d5 Ke5 61. d6 Ke6 62. Kd4 Kd7 63.
Kxe4 Kd8 64. Kd4 {Black forfeits on time} 1-0

[Event "ICCopen2017"]
[Site "Internet Chess Club"]
[Date "2017.03.26"]
[Round "5"]
[White "Tal-Baron"]
[Black "TricksOnly"]
[Result "0-1"]
[ICCResult "White forfeits on time"]
[WhiteElo "2754"]
[BlackElo "2344"]
[Opening "QGD: Albin counter-gambit"]
[ECO "D08"]
[NIC "QG.02"]
[Time "19:52:21"]
[TimeControl "180+0"]

1. d4 d5 2. c4 e5 3. dxe5 d4 4. Nf3 Nc6 5. a3 Nge7 6. Nbd2 Ng6 7. Nb3 Ngxe5
8. Nxe5 Nxe5 9. Qxd4 Qxd4 10. Nxd4 Nxc4 11. e4 Nd6 12. e5 Nf5 13. Nb5 Kd8
14. Bg5+ Be7 15. Bxe7+ Nxe7 16. O-O-O+ Bd7 17. Bc4 Kc8 18. Nd4 Rf8 19. Rhe1
Nc6 20. e6 fxe6 21. Bxe6 Bxe6 22. Rxe6 Nxd4 23. Rxd4 Rd8 24. Rg4 g6 25. Rh4
b6 26. Rxh7 Kb7 27. Rxg6 Rd5 28. Rgg7 Rc5+ 29. Kb1 a5 30. h4 a4 31. h5 Re8
32. Re7 Rg8 33. g3 Rf8 34. f4 Rg8 35. Rhg7 Rd8 36. Rd7 Re8 37. Rge7 Rg8 38.
Re1 Rxg3 39. Rh1 Rg2 40. Rd4 Rcc2 41. Rb4 Rcf2 42. h6 Rh2 43. Rxh2 Rxh2 44.
Rxa4 Rxh6 45. Re4 Rf6 46. Rb4 Rd6 47. Re4 Rd1+ 48. Kc2 Rf1 49. Re3 Rf3 50.
Re4 Rf2+ 51. Re2 Rf3 {White forfeits on time} 0-1

[Event "ICCopen2017"]
[Site "Internet Chess Club"]
[Date "2017.03.26"]
[Round "5"]
[White "tani-thegreat"]
[Black "superpuma"]
[Result "0-1"]
[ICCResult "White forfeits on time"]
[WhiteElo "2471"]
[BlackElo "1932"]
[Opening "Alekhine's defense: two pawns' (Lasker's) attack"]
[ECO "B02"]
[NIC "AL.10"]
[Time "19:52:06"]
[TimeControl "180+0"]

1. e4 Nf6 2. e5 Nd5 3. c4 Nb6 4. c5 Nd5 5. Nc3 e6 6. Bc4 Nxc3 7. dxc3 d5 8.
cxd6 cxd6 9. Nf3 d5 10. Bd3 Nc6 11. O-O Be7 12. Re1 a6 13. Qc2 b5 14. a4 Rb8
15. axb5 axb5 16. b4 Qc7 17. Qe2 Qb7 18. Bg5 Bd7 19. Bxe7 Nxe7 20. Nd4 O-O
21. Ra5 Rfc8 22. Nxb5 Bxb5 23. Rxb5 Qc7 24. Rxb8 Rxb8 25. Rc1 Rxb4 26. Bxh7+
Kxh7 27. Qc2+ Re4 28. f3 Qxe5 29. fxe4 dxe4 30. c4 f5 31. c5 Nc6 32. Qe2 f4
33. Kh1 Kg8 34. Qb5 Qd5 35. Qe2 f3 36. gxf3 exf3 37. Qf2 Nd4 38. h3 e5 39.
Ra1 Qe4 40. Kh2 Qf4+ 41. Kh1 Qe4 42. Rg1 Ne2 43. Rg4 Qb1+ 44. Kh2 Qd3 45. c6
Qd8 46. Qxf3 Nd4 47. Qg2 Qe7 48. Rg6 Nf5 49. Qd5+ Qf7 50. Qxf7+ Kxf7 51. c7
Ne7 52. Rc6 Nc8 53. Rc5 Ke6 54. Kg3 Kd6 55. Rc1 Kd7 56. Rd1+ Nd6 57. Kg4
Kxc7 58. Kg5 Ne4+ 59. Kg6 Nf2 60. Kxg7 Nxd1 61. h4 Nf2 62. h5 Ng4 63. Kg6 e4
64. Kg5 Ne5 {White forfeits on time} 0-1

[Event "ICCopen2017"]
[Site "Internet Chess Club"]
[Date "2017.03.26"]
[Round "5"]
[White "Realboy"]
[Black "Harmony1957"]
[Result "1-0"]
[ICCResult "Black resigns"]
[WhiteElo "2972"]
[BlackElo "2160"]
[Opening "Sicilian: Alapin's variation (2.c3)"]
[ECO "B22"]
[NIC "SI.47"]
[Time "19:53:09"]
[TimeControl "180+0"]

1. e4 c5 2. c3 Nf6 3. e5 Nd5 4. d4 cxd4 5. Nf3 e6 6. cxd4 d6 7. Bc4 Be7 8.
O-O O-O 9. Qe2 b6 10. Bd2 Bb7 11. Nc3 Nxc3 12. Bxc3 Nd7 13. Rfd1 Rc8 14. d5
exd5 15. Bxd5 Bxd5 16. Rxd5 Rc5 17. exd6 Bf6 18. Rad1 Rxd5 19. Rxd5 Bxc3 20.
bxc3 Re8 21. Qd3 Nc5 22. Qb5 Nd7 23. h3 h6 24. g3 Re6 25. Nd4 Re1+ 26. Kg2
Nf6 27. Re5 Rd1 28. Qc6 Rd2 29. a4 Kh7 30. Re7 Ng8 31. Rxf7 Qg5 32. Ne6 Qe3
33. Rxg7+ Kh8 34. Rxg8+ Kh7 35. Rg7+ {Black resigns} 1-0

[Event "ICCopen2017"]
[Site "Internet Chess Club"]
[Date "2017.03.26"]
[Round "5"]
[White "Baerenstarker"]
[Black "unkavalo"]
[Result "0-1"]
[ICCResult "White checkmated"]
[WhiteElo "1853"]
[BlackElo "2451"]
[Opening "Catalan opening"]
[ECO "E00"]
[NIC "CA.01"]
[Time "19:52:00"]
[TimeControl "180+0"]

1. d4 Nf6 2. c4 e6 3. g3 d5 4. Nf3 Nc6 5. cxd5 exd5 6. Bg2 Bd6 7. O-O O-O 8.
Nc3 a6 9. Bg5 Be6 10. e4 dxe4 11. Nxe4 Be7 12. Nxf6+ Bxf6 13. Bxf6 Qxf6 14.
Ne5 Nxe5 15. dxe5 Qxe5 16. Bxb7 Ra7 17. Bf3 Qxb2 18. a4 c5 19. Qd6 Qd4 20.
Rfd1 Qxd6 21. Rxd6 Rc8 22. a5 c4 23. Rc1 Kf8 24. Rc3 Rc5 25. Be2 Rxa5 26.
Rc6 Ra4 27. Bxc4 Bxc4 28. R6xc4 Rxc4 29. Rxc4 a5 30. Ra4 Ke7 31. Kf1 Kd6 32.
Ke2 Kc5 33. Kd2 Kb5 34. Rg4 a4 35. Kc2 a3 36. Kb1 a2+ 37. Ka1 f6 38. Rh4 h6
39. Re4 Kc5 40. h4 Kd5 41. Re2 Kd4 42. Re8 Kd3 43. Re6 Kd2 44. Re8 Kd1 45.
Re6 Ra5 46. Re7 g5 47. hxg5 hxg5 48. Re4 Rf5 49. f4 gxf4 50. g4 Rg5 51. Rxf4
Rg6 52. Kxa2 Ke2 53. Kb3 Ke3 54. Ra4 Kf3 55. Kc2 Rxg4 56. Ra6 f5 57. Kd2 f4
58. Rf6 Kg2 59. Ke2 Kg3 60. Kf1 Rg8 61. Rf7 Ra8 62. Rb7 Ra3 63. Rg7+ Kf3 64.
Kg1 Ra1+ 65. Kh2 Ra2+ 66. Kg1 Ra1+ 67. Kh2 Kf2 68. Rf7 f3 69. Re7 Ra4 70.
Re6 Rh4# {White checkmated} 0-1

[Event "ICCopen2017"]
[Site "Internet Chess Club"]
[Date "2017.03.26"]
[Round "5"]
[White "ComeonJimtal"]
[Black "nadalthegreat"]
[Result "0-1"]
[ICCResult "White resigns"]
[WhiteElo "1771"]
[BlackElo "2071"]
[Opening "KP: Indian opening"]
[ECO "C20"]
[NIC "KP.10"]
[Time "19:53:03"]
[TimeControl "180+0"]

1. e4 e5 2. d3 Nc6 3. c4 Nf6 4. h3 Bc5 5. a3 a5 6. Nc3 d6 7. Bg5 h6 8. Bh4
Be6 9. Nd5 Bxd5 10. cxd5 Nd4 11. Nf3 Nxf3+ 12. Qxf3 Bd4 13. Bxf6 Qxf6 14.
Qxf6 gxf6 15. Rb1 c6 16. dxc6 bxc6 17. Kd2 Bxf2 18. Be2 Ke7 19. Rhc1 c5 20.
Bg4 Bg3 21. Rc2 Bf4+ 22. Ke2 Rab8 23. Bf5 Rb3 24. g3 Bxg3 25. Rg1 Bf4 26.
Rg7 Kf8 27. Rh7 Rxh7 28. Bxh7 Ke7 29. Bf5 Rb8 30. Kf3 Rg8 31. Bg4 h5 32.
Bxh5 Rg3+ 33. Ke2 Re3+ 34. Kf2 Rxh3 35. Be2 Rh2+ 36. Kf1 Rh1+ 37. Kg2 Rb1
38. Bg4 Bc1 39. b4 axb4 40. a4 b3 41. Rc3 b2 42. Rb3 Ra1 43. Rb7+ Kf8 44.
Bh5 b1=Q 45. Rxf7+ Kg8 46. Rxf6 Qc2+ 47. Kh3 Qxd3+ 48. Bf3 Bg5 49. Kg4 Bxf6
50. Kf5 Qxf3+ 51. Ke6 Qxe4 {White resigns} 0-1

[Event "ICCopen2017"]
[Site "Internet Chess Club"]
[Date "2017.03.26"]
[Round "5"]
[White "Siryk"]
[Black "JJ12"]
[Result "0-1"]
[ICCResult "White forfeits on time"]
[WhiteElo "2904"]
[BlackElo "2411"]
[Opening "Benkö gambit accepted"]
[ECO "A58"]
[NIC "BI.41"]
[Time "19:52:13"]
[TimeControl "180+0"]

1. d4 Nf6 2. c4 c5 3. d5 b5 4. cxb5 a6 5. bxa6 g6 6. Nc3 Bxa6 7. e4 Qa5 8.
Bxa6 Qxa6 9. Qe2 d6 10. Nf3 Bg7 11. Qxa6 Nxa6 12. Ke2 O-O 13. Bd2 Rfb8 14.
Rab1 Nb4 15. a3 Na6 16. Rhc1 Nd7 17. Nd1 Rb3 18. Bc3 Bh6 19. Nd2 Bxd2 20.
Kxd2 Nc7 21. Kc2 Rab8 22. Bb4 c4 23. Ne3 Nb5 24. Nxc4 Nd4+ 25. Kd1 f5 26.
Nd2 Rd3 27. Ke1 Ne5 28. Rc3 fxe4 29. Nxe4 Rxc3 30. Bxc3 Nc2+ 31. Ke2 Nxa3
32. Rc1 Nac4 33. Bxe5 Nxe5 34. Rc2 Rb3 35. g3 h6 36. Nd2 Rb5 37. f4 Ng4 38.
Nf3 Rxd5 39. b4 Rb5 40. Rb2 Kf7 41. Nd4 Rb6 42. b5 e5 43. Nc6 exf4 44. gxf4
Nf6 45. Na5 d5 46. Kd3 Ke6 47. Kd4 Kd6 48. Nc6 Rb7 49. Ne5 g5 50. fxg5 hxg5
51. Nd3 Nd7 52. Rg2 Rxb5 53. Rxg5 Ra5 54. Rg6+ Kc7 55. Rg7 Kc6 56. Rg6+ Kc7
57. Rg7 Kd8 58. Rg8+ Ke7 59. Rg7+ Ke8 60. Rg8+ Kf7 61. Rg5 Ra4+
{White forfeits on time}
0-1

[Event "ICCopen2017"]
[Site "Internet Chess Club"]
[Date "2017.03.26"]
[Round "5"]
[White "JaqueMateus1"]
[Black "DoctorWho"]
[Result "1/2-1/2"]
[ICCResult "Game drawn by repetition"]
[WhiteElo "2306"]
[BlackElo "1847"]
[Opening "French: Paulsen variation"]
[ECO "C10"]
[NIC "FR.04"]
[Time "19:52:23"]
[TimeControl "180+0"]

1. e4 e6 2. d4 d5 3. Nc3 Nc6 4. Nf3 Nf6 5. e5 Ne4 6. Bd3 Bb4 7. Bd2 Nxd2 8.
Qxd2 f6 9. Bb5 Bd7 10. Bxc6 Bxc6 11. O-O O-O 12. Rfe1 f5 13. Ng5 Bd7 14. f4
h6 15. Nf3 Kh7 16. a3 Be7 17. Nd1 c5 18. Ne3 Bc6 19. c3 Qd7 20. Kh1 Rg8 21.
dxc5 Bxc5 22. Nd4 b6 23. Nec2 Bb7 24. Rad1 Qf7 25. Ne3 g5 26. Rf1 g4 27. g3
Kg7 28. Qc2 Rgf8 29. Rf2 h5 30. Kg1 Rac8 31. Qd2 Ba6 32. Nec2 Rh8 33. Re1 h4
34. Rg2 hxg3 35. Rxg3 Rh6 36. b4 Bxd4+ 37. Nxd4 Rch8 38. Rg2 Rh3 39. b5 Bb7
40. a4 Qe7 41. Qc2 Qc5 42. Qf2 Kf7 43. Re3 Qa3 44. Rxh3 Rxh3 45. Rg3 Qc1+
46. Kg2 Rxg3+ 47. Qxg3 Qd2+ 48. Kf1 Qd1+ 49. Kf2 Qd2+ 50. Ne2 d4 51. Qh4 Bd5
52. Qf6+ Ke8 53. Qg6+ Ke7 54. Qg7+ Ke8 55. Qg8+ Ke7 56. Qg7+ Ke8 57. cxd4
Bc4 58. Qg6+ Ke7 59. Qg7+ Ke8 60. Qg8+ Ke7 61. Qg7+ Ke8 62. Qg6+ Kf8 63.
Qh6+ Kg8 64. Qg5+ Kf7 65. Qf6+ Ke8 66. Qh8+ Ke7 67. Qg7+ Ke8 68. Qg8+ Ke7
69. Qg7+ Ke8 70. Qh8+ Ke7 71. Qh7+ Ke8 72. Qh5+ Ke7 73. Qh4+ Kd7 74. Qh7+
Ke8 75. Qg8+ Ke7 {Game drawn by repetition} 1/2-1/2

[Event "ICCopen2017"]
[Site "Internet Chess Club"]
[Date "2017.03.26"]
[Round "5"]
[White "devotional"]
[Black "egyptiantiger"]
[Result "1-0"]
[ICCResult "Black forfeits on time"]
[WhiteElo "2067"]
[BlackElo "1719"]
[Opening "Sicilian: Labourdonnais-Löwenthal (Kalashnikov) variation"]
[ECO "B32"]
[NIC "SI.32"]
[Time "19:51:54"]
[TimeControl "180+0"]

1. e4 c5 2. Nf3 Nc6 3. d4 cxd4 4. Nxd4 e5 5. Nb5 d6 6. N1c3 a6 7. Na3 b5 8.
Nd5 Nge7 9. c3 Nxd5 10. exd5 Ne7 11. Nc2 f5 12. a4 bxa4 13. Rxa4 Bb7 14. c4
g6 15. Bg5 Bg7 16. f4 h6 17. Bxe7 Qxe7 18. fxe5 Qxe5+ 19. Qe2 O-O 20. Qxe5
Bxe5 21. Bd3 Bxb2 22. Kf2 Be5 23. Nb4 Rfc8 24. h4 a5 25. Nc2 Rc5 26. h5 Kg7
27. hxg6 Kxg6 28. g4 Bc8 29. gxf5+ Bxf5 30. Bxf5+ Kxf5 31. Rxh6 Rf8 32. Ke2
Kg5 33. Rh7 Rf4 34. Ne3 Re4 35. Re7 Kf6 36. Re6+ Kf7 37. Ra2 Rcxc4 38. Kf3
Rf4+ 39. Kg2 Rc5 40. Rc2 Rxc2+ 41. Nxc2 Rf6 42. Rxf6+ Kxf6 43. Kf3 a4 44.
Nb4 Bb2 45. Ke4 a3 46. Kf4 Bc1+ 47. Ke4 Kg5 48. Na2 {Black forfeits on time}
1-0

[Event "ICCopen2017"]
[Site "Internet Chess Club"]
[Date "2017.03.26"]
[Round "5"]
[White "Piranha"]
[Black "herbyeddy"]
[Result "0-1"]
[ICCResult "White resigns"]
[WhiteElo "1606"]
[BlackElo "1515"]
[Opening "Scandinavian: Pytel-Wade variation"]
[ECO "B01"]
[NIC "SD.02"]
[Time "19:52:48"]
[TimeControl "180+0"]

1. e4 d5 2. exd5 Qxd5 3. Nc3 Qd6 4. Nf3 Nf6 5. g3 Nc6 6. Bg2 e5 7. d3 a6 8.
O-O h6 9. h3 Be7 10. Qe2 O-O 11. Be3 Re8 12. Rad1 Nd4 13. Qd2 Bxh3 14. Nxd4
Bxg2 15. Nf5 Qc6 16. Nxe7+ Rxe7 17. f3 Bxf1 18. Rxf1 Nd5 19. Bf2 Nxc3 20.
bxc3 Qxf3 21. Kh2 Rd8 22. Qe1 e4 23. d4 f5 24. Be3 Qh5+ 25. Kg2 Rf7 26. Rh1
Qf3+ 27. Kg1 Rd6 28. Rh2 Rg6 29. Rg2 f4 30. Bc1 Rxg3 31. Rxg3 fxg3 32. Be3
Rf5 33. c4 Rh5 {White resigns} 0-1

[Event "ICCopen2017"]
[Site "Internet Chess Club"]
[Date "2017.03.26"]
[Round "5"]
[White "SONICS71"]
[Black "touchthis"]
[Result "1/2-1/2"]
[ICCResult "Game drawn by mutual agreement"]
[WhiteElo "1759"]
[BlackElo "1457"]
[Opening "Vienna: Paulsen variation"]
[ECO "C25"]
[NIC "VG.04"]
[Time "19:53:01"]
[TimeControl "180+0"]

1. e4 e5 2. Nc3 Nc6 3. g3 Bc5 4. Bg2 Nf6 5. d3 O-O 6. Nge2 d6 7. h3 Be6 8.
Na4 Bb6 9. Nxb6 axb6 10. O-O d5 11. a3 d4 12. f4 exf4 13. Nxf4 Re8 14. Nxe6
Rxe6 15. Bg5 Ne5 16. Bxf6 Rxf6 17. Qe2 Rxf1+ 18. Rxf1 Qd6 19. g4 Rf8 20. g5
f6 21. Qh5 fxg5 22. Rxf8+ Qxf8 23. Qxg5 Qe8 24. Qf5 g6 25. Qf6 c5 26. Qxb6
Qe7 27. Kh2 Kg7 28. b4 cxb4 29. Qxb4 Qxb4 30. axb4 Kf6 31. Kg3 g5 32. h4 h6
33. Bh3 gxh4+ 34. Kxh4 Nf3+ 35. Kh5 Ne1 36. Bc8 b6 37. Kxh6 Nxc2 38. Ba6
Nxb4 39. Bb5 Ke5 40. Kg5 Nc2 41. Bc4 Na3 42. Ba6 Nc2 43. Bb5
{Game drawn by mutual agreement}
1/2-1/2

[Event "ICCopen2017"]
[Site "Internet Chess Club"]
[Date "2017.03.26"]
[Round "5"]
[White "BlueJ"]
[Black "WobblySquares"]
[Result "1-0"]
[ICCResult "Black checkmated"]
[WhiteElo "2031"]
[BlackElo "1733"]
[Opening "King's Indian: orthodox, 7...Nbd7"]
[ECO "E94"]
[NIC "KI.12"]
[Time "19:52:46"]
[TimeControl "180+0"]

1. c4 Nf6 2. Nc3 g6 3. e4 d6 4. d4 Nbd7 5. Nf3 e5 6. Be2 Bg7 7. O-O O-O 8.
d5 a6 9. Qc2 Nh5 10. g3 Qe8 11. Be3 f5 12. exf5 gxf5 13. Ng5 Nc5 14. b4 h6
15. bxc5 hxg5 16. cxd6 f4 17. Bc5 cxd6 18. Bxd6 Bf5 19. Bd3 Bh3 20. Bxf8
Bxf1 21. Bh7+ Kh8 22. Bxg7+ Nxg7 23. Rxf1 Qh5 24. Qg6 Qh3 25. Qe4 Rf8 26.
Qg2 Qxh7 27. f3 Nf5 28. Re1 Ne3 29. Qe2 Qh3 30. g4 Kg7 31. Ne4 Rh8 32. Nxg5
Qh4 33. Ne6+ Kf6 34. Qf2 Qh3 35. c5 Rh4 36. g5+ Kg6 37. Rxe3 fxe3 38. Qc2+
Kh5 39. Qh7# {Black checkmated} 1-0

[Event "ICCopen2017"]
[Site "Internet Chess Club"]
[Date "2017.03.26"]
[Round "5"]
[White "simplerxiao"]
[Black "Revolutions"]
[Result "1/2-1/2"]
[ICCResult "Black ran out of time and White has no material to mate"]
[WhiteElo "2026"]
[BlackElo "1819"]
[Opening "Sicilian: Kan, 5.Bd3"]
[ECO "B42"]
[NIC "SI.42"]
[Time "19:52:26"]
[TimeControl "180+0"]

1. e4 c5 2. Nf3 e6 3. d4 cxd4 4. Nxd4 a6 5. Bd3 Qc7 6. O-O Nc6 7. Nb3 Nf6 8.
Qe2 d6 9. c4 Be7 10. Nc3 O-O 11. Bd2 b6 12. Rac1 Bb7 13. Nd5 Qd8 14. Nxe7+
Qxe7 15. Rcd1 Ne5 16. Bb4 Nxd3 17. Rxd3 Nxe4 18. Re3 Nc5 19. Bc3 g6 20. Nd4
e5 21. b4 Nd7 22. Nb3 Rac8 23. Rh3 f5 24. Rd1 f4 25. Bb2 Qg5 26. f3 Rf6 27.
Nd2 Rcf8 28. Ne4 Bxe4 29. Qxe4 R8f7 30. Qc6 Nf8 31. Rxd6 Rxd6 32. Qxd6 Rd7
33. Qxe5 Rd1+ 34. Kf2 Qxe5 35. Bxe5 Ne6 36. Rh4 Rd2+ 37. Kf1 g5 38. Rh6 Kf7
39. Rxh7+ Kg6 40. Rb7 Kf5 41. Bb8 Rxa2 42. Rxb6 Nd4 43. c5 Nb3 44. c6 Nd2+
45. Ke2 Nc4+ 46. Kd3 Nxb6 47. Ba7 Nc8 48. Bc5 Ke5 49. Bd4+ Kd5 50. Bc3 Kxc6
51. Bd2 Kb5 52. g3 Na7 53. gxf4 gxf4 54. h4 Nc6 55. h5 Nxb4+ 56. Ke2 Nd5 57.
h6 Nf6 58. Kd3 Nh7 59. Bxf4 Rf2 60. Ke3 Rxf3+ 61. Kxf3 Nf8 62. Kg4 Ng6 63.
Kg5 Ne7 64. Kf6 Ng8+ 65. Kg7 Nxh6 66. Kxh6 a5 67. Kg5 a4 68. Be5 a3 69. Kf6
Kc4 70. Kf5 {Black ran out of time and White has no material to mate}
1/2-1/2

[Event "ICCopen2017"]
[Site "Internet Chess Club"]
[Date "2017.03.26"]
[Round "5"]
[White "Nc3-4Me"]
[Black "trianon"]
[Result "0-1"]
[ICCResult "White forfeits on time"]
[WhiteElo "1831"]
[BlackElo "2277"]
[Opening "Dunst (Sleipner, Heinrichsen) opening"]
[ECO "A00"]
[NIC "VO.15"]
[Time "19:52:51"]
[TimeControl "180+0"]

1. Nc3 c5 2. d4 cxd4 3. Qxd4 Nc6 4. Qa4 Nf6 5. Bg5 e6 6. O-O-O Be7 7. e4 Qb6
8. Be3 Qb4 9. Bb5 Qxa4 10. Bxa4 a6 11. Bb6 Ne5 12. Nf3 Nc4 13. Bc7 b5 14.
Bb3 Bb7 15. Bxc4 bxc4 16. Rhe1 Rc8 17. Bd6 Bxd6 18. Rxd6 Rc6 19. Rxc6 Bxc6
20. e5 Nd5 21. Nxd5 Bxd5 22. Re3 Ke7 23. g3 Rc8 24. Nd2 c3 25. Rxc3 Rxc3 26.
bxc3 f6 27. exf6+ gxf6 28. a3 e5 29. c4 Bc6 30. Kb2 Ke6 31. Kc3 Kf5 32. Kb4
Kg4 33. Ka5 Kh3 34. Kxa6 Kxh2 35. Kb6 Kg2 36. Nb3 Kxf2 37. Nc5 e4
{White forfeits on time}
0-1

[Event "ICCopen2017"]
[Site "Internet Chess Club"]
[Date "2017.03.26"]
[Round "5"]
[White "tsedaka26"]
[Black "TrendFriend"]
[Result "1-0"]
[ICCResult "Black resigns"]
[WhiteElo "1686"]
[BlackElo "2409"]
[Opening "Old Benoni defense"]
[ECO "A43"]
[NIC "OI.09"]
[Time "19:52:53"]
[TimeControl "180+0"]

1. d4 c5 2. c4 cxd4 3. Qxd4 Nc6 4. Qd2 Nf6 5. Nc3 e6 6. g3 Bb4 7. Bg2 O-O 8.
e3 d5 9. cxd5 Nxd5 10. Nge2 b6 11. a3 Bxc3 12. Nxc3 Bb7 13. Nxd5 exd5 14.
Qxd5 Qf6 15. Qf3 Qe7 16. O-O Rab8 17. Qf4 Ne5 18. Bxb7 Rxb7 19. b4 Rd7 20.
Qe4 f5 21. Qg2 Nc4 22. Qf3 Qe6 23. a4 Kh8 24. b5 Rfd8 25. Qc6 Rd6 26. Qf3
Ne5 27. Qg2 Nc4 28. Ba3 Rd2 29. Bb4 Nxe3 30. Rfe1 f4 31. Bxd2 Rxd2 32. Qa8+
Qg8 33. Qxg8+ Kxg8 34. fxe3 f3 35. Rf1 h6 36. Rxf3 Rd7 37. Raf1 Kh7 38. e4
Rd2 39. Rf7 Rd4 40. Rxa7 Rxe4 41. Rff7 Rg4 42. Rxg7+ Rxg7 43. Rxg7+ Kxg7 44.
a5 bxa5 45. b6 a4 46. b7 a3 47. b8=Q a2 48. Qa7+ Kg6 49. Qxa2 {Black
resigns} 1-0

[Event "ICCopen2017"]
[Site "Internet Chess Club"]
[Date "2017.03.26"]
[Round "5"]
[White "ural"]
[Black "sasukenakamura"]
[Result "1-0"]
[ICCResult "Black forfeits on time"]
[WhiteElo "2354"]
[BlackElo "1615"]
[Opening "Sicilian defense"]
[ECO "B20"]
[NIC "SI.48"]
[Time "19:53:00"]
[TimeControl "180+0"]

1. e4 c5 2. b3 Nc6 3. Bb2 e6 4. Qe2 a6 5. Nc3 d6 6. O-O-O Bd7 7. f4 Nd4 8.
Qe1 Ne7 9. Nce2 Nec6 10. Nxd4 Nxd4 11. Nf3 Qb6 12. Nxd4 cxd4 13. Kb1 Be7 14.
Qf2 e5 15. c3 Bf6 16. cxd4 exd4 17. Bc4 O-O 18. Rhe1 Rfe8 19. e5 Be7 20.
Qxd4 Qxd4 21. Bxd4 dxe5 22. Bxe5 Bf5+ 23. Kb2 Bf8 24. h3 h5 25. g4 hxg4 26.
hxg4 Bxg4 27. Rc1 Be6 28. Bxe6 Rxe6 29. Rg1 Rd8 30. Rg2 f6 31. Bc3 Kf7 32.
f5 Re4 33. Rf1 b5 34. a3 Rd5 35. b4 Rc4 36. Rgf2 a5 37. bxa5 b4 38. Kb3 bxc3
39. Kxc4 Rxa5 40. dxc3 Rxa3 41. Rb2 Ra4+ 42. Kb5 Re4 43. c4 Re5+ 44. Kb6
Bc5+ 45. Kc6 Be7 46. Rb5 Re2 47. c5 Re5 48. Kb6 Bd8+ 49. Ka6 Be7 50. c6 Bd6
51. Rxe5 Bxe5 52. Kb7 g6 53. c7 Bxc7 54. Kxc7 gxf5 55. Kd6 Kg6 56. Kd5 Kg5
57. Kd4 Kg4 58. Ke3 {Black forfeits on time} 1-0

[Event "ICCopen2017"]
[Site "Internet Chess Club"]
[Date "2017.03.26"]
[Round "5"]
[White "DOCA"]
[Black "playwaycool"]
[Result "1/2-1/2"]
[ICCResult "White ran out of time and Black has no material to mate"]
[WhiteElo "1797"]
[BlackElo "2193"]
[Opening "QGD semi-Slav: 5.Bg5 dc"]
[ECO "D44"]
[NIC "SL.03"]
[Time "19:52:49"]
[TimeControl "180+0"]

1. d4 d5 2. c4 c6 3. Nf3 Nf6 4. Nc3 e6 5. Bg5 dxc4 6. a4 Bb4 7. e3 b5 8.
Bxf6 Qxf6 9. Be2 Bb7 10. O-O a6 11. Qc2 O-O 12. b3 cxb3 13. Qxb3 Bxc3 14.
Qxc3 Rc8 15. axb5 cxb5 16. Qb4 Nc6 17. Qb2 Qe7 18. h3 Nb4 19. Rfc1 Nd5 20.
Rxc8+ Rxc8 21. Ne5 f6 22. Nd3 Nc3 23. Bf1 Nd5 24. Nc5 Rb8 25. Nxa6 Bxa6 26.
Rxa6 b4 27. e4 Nc3 28. Qb3 Rd8 29. Rxe6 Qf7 30. Bc4 Kh8 31. Rb6 Qe7 32. Qxb4
Qxb4 33. Rxb4 Nxe4 34. f3 Ng3 35. Kf2 Nf5 36. d5 g6 37. g4 Ne7 38. Rb5 Rd7
39. Ke3 Kg7 40. Kd4 f5 41. Kc5 fxg4 42. fxg4 g5 43. d6 Ng6 44. Be6 Rd8 45.
Rb7+ Kf6 46. Bf5 Nf4 47. Rxh7 Ke5 48. Re7+ Kf6 49. Rc7 Re8 50. Rc8 Rxc8+ 51.
Bxc8 Nxh3 52. d7 Ke7 53. Kd5 Nf4+ 54. Ke4 Ne6 55. Kf5 Kf7 56. d8=N+ Nxd8 57.
Kxg5 Kg7 58. Bd7 Nb7 59. Kf5 Nc5 60. Ke5 Nxd7+ 61. Ke6 Nf8+ 62. Ke7 Ng6+ 63.
Ke6 Nh8 64. Kf5 Ng6 65. g5 Ne7+ 66. Ke6 Ng8 67. g6 Nh6 68. Kd5 Ng8 69. Kc4
Ne7 70. Kd4 Nf5+ {White ran out of time and Black has no material to mate}
1/2-1/2

[Event "ICCopen2017"]
[Site "Internet Chess Club"]
[Date "2017.03.26"]
[Round "5"]
[White "Massada"]
[Black "snaillike"]
[Result "1-0"]
[ICCResult "Black forfeits on time"]
[WhiteElo "1537"]
[BlackElo "1183"]
[Opening "English: symmetrical variation"]
[ECO "A30"]
[NIC "RE.14"]
[Time "19:52:24"]
[TimeControl "180+0"]

1. c4 c5 2. Nf3 d5 3. g3 d4 4. b4 b6 5. Bg2 Bb7 6. bxc5 bxc5 7. Qb3 Qc8 8.
d3 e6 9. O-O Be7 10. Nbd2 Nf6 11. Rb1 Ba6 12. Ne5 Nbd7 13. Nxd7 Nxd7 14. Qa4
Rb8 15. Rxb8 Qxb8 16. Qxa6 O-O 17. Nb3 Qe5 18. Re1 Nf6 19. Qxa7 Bd6 20. Bf4
Qf5 21. Bxd6 Ng4 22. Bf3 Re8 23. Qd7 Ra8 24. Bxg4 Qxg4 25. Qb7 Re8 26. Nxc5
f5 27. Be5 h5 28. Nxe6 Rxe6 29. Qc8+ Kh7 30. Qxe6 h4 31. Qf7
{Black forfeits on time}
1-0